 Dungeon Crawl Stone Soup version 0.17.0-24-gcfadda4 (webtiles) character file.

43 M4edhros the Charlatan (level 3, -3/28 HPs)
             Began as a Mummy Artificer on Nov 16, 2015.
             Slain by a goblin
             ... wielding a +0 dagger
              (4 damage)
             ... on level 2 of the Dungeon.
             The game lasted 00:02:05 (1388 turns).

M4edhros the Charlatan (Mummy Artificer)            Turns: 1388, Time: 00:02:05

Health: -3/28      AC:  3    Str: 14    XL:     3   Next: 37%
Magic:  5/5        EV: 11    Int: 15    God:
Gold:   25         SH:  0    Dex: 12    Spells: 0 memorised, 2 levels left

rFire  x . .     SeeInvis .     a - +0 short sword
rCold  + . .     Clarity  .     b - +0 leather armour
rNeg   + + +     SustAt   .     (no shield)
rPois  ∞         Gourm    .     (no helmet)
rElec  .         Spirit   .     (no cloak)
rCorr  .         Warding  .     (no gloves)
rMut   .         Stasis   .     (no boots)
MR     .....                    (no amulet)
Stlth  +.........               h - +3 ring of intelligence
                                k - ring of positive energy

@: not resistant to hostile enchantments, very unstealthy
A: no food or potions, fire vulnerability, cold resistance 1, negative energy
resistance 3, torment resistance, unbreathing
a: no special abilities


You were on level 2 of the Dungeon.
You were not hungry.

You visited 1 branch of the dungeon, and saw 2 of its levels.

You collected 25 gold pieces.

Inventory:

Hand Weapons
 a - a +0 short sword (weapon)
Armour
 b - a +0 leather armour (worn)
Jewellery
 f - an uncursed ring of protection from cold
 h - a +3 ring of intelligence (right hand)
 k - a ring of positive energy (left hand)
Wands
 c - a wand of flame (10)
 d - a wand of enslavement (11)
 e - a wand of random effects (15)
Scrolls
 g - a scroll of immolation {unknown}
 i - a scroll of identify {unknown}
 j - a scroll of remove curse {unknown}


   Skills:
 + Level 2.6 Fighting
 - Level 0.7 Short Blades
 - Level 1.5 Dodging
 - Level 0.7 Stealth
 + Level 2.9 Evocations


You had 2 spell levels left.
You didn't know any spells.

Dungeon Overview and Level Annotations

Branches:
Dungeon (2/15)

Altars:


Innate Abilities, Weirdness & Mutations

You do not eat or drink.
Your flesh is vulnerable to fire.
You are immune to poison.
Your flesh is cold resistant.
You are immune to negative energy.
You are immune to unholy pain and torment.
You can survive without breathing.


Message History

* * * LOW HITPOINT WARNING * * *
Your adder barely misses the giant cockroach.
The giant cockroach misses your adder.
The goblin hits your adder but does no damage.
Your adder bites the giant cockroach.
The giant cockroach misses your adder.
The goblin shoots a stone.
The stone hits you.
* * * LOW HITPOINT WARNING * * *
You see here a stone.
Your adder barely misses the giant cockroach.
The giant cockroach closely misses your adder.
You see here a stone.
You can't drink.
Evoke which item? (* to show all) (? for menu, Esc to quit)
Zapping:
d - a wand of enslavement (12)
Press: ? - help, Shift-Dir - straight line, f - adder, p - adder
Aim: an adder (chance to defeat MR: 61%)
The adder resists with significant effort.
This wand has 11 charges left.
Your adder misses the giant cockroach. The goblin hits you with a dagger.
You die...

#S##.........w....##
########...w........#....#.
....................##.†.#.
.......w###................
........####..?##........#.
......S..............##.>#
..####.gs.(..[.#.#.#.#.#.##
# #.g(Sg................
#...S@...##.#.#.#.#...
#......(.#.........###
#........##.#.#.#.####
#.....[..#.......>...#
#........##.#.#.#)#..#
##########...........#
##.#.#.#.#..# #####......#
##....<#


You could see a worm, an adder, a giant cockroach, 3 goblins, a ball python and
a friendly adder.

Vanquished Creatures
  An ooze (D:2)
  A giant gecko (D:1)
  3 giant cockroaches (D:1)
  5 hobgoblins
  4 jackals (D:1)
  A quokka (D:2)
  6 bats
  A giant newt (D:1)
  8 goblins
  2 kobolds
  3 rats (D:1)
35 creatures vanquished.

Notes
Turn   | Place    | Note
--------------------------------------------------------------
     0 | D:1      | M4edhros the Mummy Artificer began the quest for the Orb.
     0 | D:1      | Reached XP level 1. HP: 15/15 MP: 2/2
   311 | D:1      | Reached XP level 2. HP: 19/21 MP: 3/3
   835 | D:1      | Reached XP level 3. HP: 4/28 MP: 5/5
  1386 | D:2      | HP: 1/28 [goblin/stone (3)]
  1388 | D:2      | Slain by a goblin

Action                   || total
-------------------------++-------
Melee: Short sword       ||   130
Evoke: Wand              ||     9
